 Dungeon Crawl Stone Soup version 0.26-a0-519-gb2f46efeda (webtiles) character file.

Game seed: 8715664149429126396

63 ReteAZ the Stinger (level 3, 0/26 HPs)
             Began as a Draconian Venom Mage on Aug 11, 2020.
             Slain by a white imp (5 damage)
             ... summoned by Natasha
             ... on level 2 of the Dungeon.
             The game lasted 00:02:26 (1283 turns).

ReteAZ the Stinger (Draconian Venom Mage)           Turns: 1283, Time: 00:02:27

Health: 0/26       AC:  5    Str: 10    XL:     3   Next: 89%
Magic:  6/7        EV: 12    Int: 16    God:
Gold:   94         SH:  0    Dex: 11    Spells: 6/7 levels left

rFire    . . .     SeeInvis .   a - +2 dagger (vamp)
rCold    . . .     Faith    .   (no shield)
rNeg     . . .     Spirit   .   (armour unavailable)
rPois    .         Reflect  .   (helmet restricted)
rElec    .         Harm     .   (no cloak)
rCorr    .                      (no gloves)
MR       .....                  (no boots)
Stlth    ++........             (no amulet)
HPRegen  0.08/turn              (no ring)
MPRegen  0.10/turn              (no ring)

@: slowed, very slow
A: unfitting armour, cold-blooded, AC +5
a: no special abilities


You were on level 2 of the Dungeon.
You visited 1 branch of the dungeon, and saw 2 of its levels.

You collected 94 gold pieces.

Inventory:

Hand Weapons
 a - a +2 vampiric dagger (weapon)
 e - a +3 dagger
Missiles
 f - 2 throwing nets (quivered)
Jewellery
 g - a +4 ring of evasion {unknown}
 n - an uncursed amulet of faith {unknown}
Scrolls
 b - a scroll of enchant weapon {unknown}
 c - a scroll of teleportation {unknown}
 d - 2 scrolls of identify {unknown}
 l - a scroll of enchant armour {unknown}
Potions
 h - a potion of flight {unknown}
 i - 2 potions of brilliance {unknown}
 j - a potion of haste {unknown}
 k - a potion of berserk rage {unknown}
 m - a potion of cancellation {unknown}
 o - a potion of magic {unknown}


   Skills:
 - Level 1.7 Dodging
 - Level 1.7 Stealth
 + Level 2.7 Spellcasting
 + Level 2.2 Transmutations
 + Level 3.7 Poison Magic


You had 6 spell levels left.
You knew the following spells:

 Your Spells              Type           Power        Failure   Level
a - Sting                 Tmut/Pois      ##..         5%          1

Your spell library contained the following spells:

 Spells                   Type           Power        Failure   Level
 Poisonous Vapours        Pois/Air       #.....       14%         2
 Ignite Poison            Fire/Tmut/Pois #.......     26%         3
 Mephitic Cloud           Conj/Pois/Air  #.......     34%         3
 Olgreb's Toxic Radiance  Pois           ##......     38%         4


Dungeon Overview and Level Annotations

Branches:
Dungeon (2/15)

Altars:
Yredelemnul

Annotations:
D:2 Natasha


Innate Abilities, Weirdness & Mutations

Your plain brown scales are hard. (AC +5)
You cannot fit into any form of body armour.
You are cold-blooded and may be slowed by cold attacks.


Message History

You barely miss Natasha.
Natasha is severely wounded.
The white imp misses you.
Natasha mumbles some strange words.
You hit Natasha but do no damage.
Natasha is severely wounded.
The white imp hits you. The white imp freezes you.
* * * LOW HITPOINT WARNING * * *
Natasha barely misses you.
You are too injured to fight recklessly!
You are too injured to fight recklessly!
Casting: Sting (safe; 5% risk of failure)
Confirm with . or Enter, or press ? or * to list all spells.
Aiming: Sting (safe; 5% risk of failure)
Press: ? - help, Shift-Dir - straight line, f - Natasha
Aim: Natasha (severely wounded)
The sting misses Natasha.
The white imp hits you.
* * * LOW HITPOINT WARNING * * *
The white imp freezes you.
You feel yourself slow down.
You die...

######........###
#.............#
#.##.##...........#
#.......####.####.#
####.#..##.....##.#
######.#..#.......#
..........#?......#..
.####.....†).._......
#...#..#..@h...#
!....?...#...55..#
###......##.....##
#..##..####.### #.#
#... ... #. #.###
.... . .[# #+###


You could see Natasha, a white imp (summoned) and a shadow imp (summoned).

Vanquished Creatures
  An adder (D:2)
  An ooze (D:1)
  2 dart slugs (D:1)
  A leopard gecko (D:2)
  6 bats
  2 giant cockroaches (D:1)
  4 goblins (D:1)
  4 hobgoblins
  7 jackals (D:1)
  4 kobolds
  A quokka (D:2)
  A ball python (D:1)
  2 frilled lizards (D:1)
  6 rats
42 creatures vanquished.

Notes
Turn   | Place    | Note
-------+----------+-------------------------------------------
     0 | D:1      | ReteAZ the Draconian Venom Mage began the quest for the
                  | Orb.
     0 | D:1      | Reached XP level 1. HP: 14/14 MP: 3/3
    82 | D:1      | Reached XP level 2. HP: 17/20 MP: 1/5
   515 | D:1      | Reached XP level 3. HP: 26/26 MP: 6/6
  1256 | D:2      | Found a basalt altar of Yredelemnul.
  1265 | D:2      | Noticed Natasha
  1283 | D:2      | Slain by a white imp

Illustrated notes

Levels and vault maps discovered:
D:1:      scummos_arrival_gate, layout_basic, dk_noncrumbling_3
D:2:      layout_loops_corners, old_standard_altar, old_standard_altar,
          serial_bayou_crossing, uniq_natasha

Skill      XL: |  1  2  3 |
---------------+----------+-----
Transmutations | 2 |  2.2
Dodging        | |  1.7
Stealth        | |  1.7
Spellcasting   | |  2.7
Poison Magic   | |  3.7

Action                   || total
-------------------------++-------
Melee: Unarmed           ||    32
       Tailslap          ||     8
       Dagger            ||   108
 Cast: Sting             ||    18
 Stab: Sleeping          ||     3
Armor: Skin              ||    57
Dodge: Dodged            ||   102

Table legend: (Time is in decaauts)
 A = Elapsed time spent in this place.
 B = Non-inter-level travel time spent in this place.
 C = Inter-level travel time spent in this place.
 D = Time resting spent in this place.
 E = Time spent auto-exploring this place.
 F = Levels seen in this place.
 G = Mean time per level.
                   A        B        C        D        E       F      G
               +--------+--------+--------+--------+--------+-----+--------+
         Total |   1282 |   1247 |     35 |     37 |    886 |   2 |  641.0 |
       Dungeon |   1282 |   1247 |     35 |     37 |    886 |   2 |  641.0 |
               +--------+--------+--------+--------+--------+-----+--------+

Top non-repeatable levels by time:
     D:1: 885 daAuts
     D:2: 396 daAuts
